 Dungeon Crawl Stone Soup version 0.27.1-3-gb3d3a73c9e (webtiles) character file.

Game seed: 10658790000650743230

20 barney the Changer (level 2, -1/23 HPs)
             Began as a Draconian Transmuter on Oct 5, 2021.
             Slain by a gnoll (6 damage)
             ... on level 2 of the Dungeon.
             The game lasted 00:01:14 (1592 turns).

barney the Changer (Draconian Transmuter)           Turns: 1592, Time: 00:01:15

Health: -1/23      AC:  4    Str: 12    XL:     2   Next: 58%
Magic:  5/5        EV: 12    Int: 13    God:
Gold:   60         SH:  0    Dex: 11    Spells: 4/5 levels left

rFire    . . .     SeeInvis .   a - +2 dagger (protect)
rCold    . . .     Faith    .   (no shield)
rNeg     . . .     Spirit   .   (armour unavailable)
rPois    .         Reflect  .   (helmet restricted)
rElec    .         Harm     .   (no cloak)
rCorr    .         Rampage  .   (no gloves)
Will     .....                  (no boots)
Stlth    +.........             (no amulet)
HPRegen  0.07/turn              (no ring)
MPRegen  0.09/turn              (no ring)

@: brilliant, attractive, very slightly contaminated, invisible
A: AC +4, unfitting armour, cold-blooded
a: no special abilities


You were on level 2 of the Dungeon.
You visited 1 branch of the dungeon, and saw 2 of its levels.

You collected 60 gold pieces.

Inventory:

Hand Weapons
 a - a +2 dagger of protection (weapon)
Scrolls
 d - a scroll of torment {unknown}
 f - a scroll of teleportation {unknown}
 g - 2 scrolls of identify {unknown}
 h - a scroll of summoning {unknown}
Potions
 c - a potion of invisibility


   Skills:
 - Level 1.1 Fighting
 - Level 1.7 Dodging
 - Level 3.0 Unarmed Combat
 - Level 2.0 Spellcasting
 + Level 3.2 Transmutations


You had 4 spell levels left.
You knew the following spells:

 Your Spells              Type           Power      Damage    Failure   Level
a - Beastly Appendage     Tmut           28%        N/A       7%          1

Your spell library contained the following spells:

 Spells                   Type           Power      Damage    Failure   Level
 Wereblood                Tmut           14%        N/A       10%         2
 Freeze                   Ice            4%         1d3       26%         1
 Spider Form              Tmut/Pois      4%         N/A       36%         3
 Frozen Ramparts          Ice            2%         1d2       58%         3
 Ice Form                 Ice/Tmut       8%         N/A       78%         4
 Hailstorm                Conj/Ice       1%         3d3       94%         4
 Summon Lightning Spire   Summ/Air       1%         N/A       94%         4
 Storm Form               Tmut/Air       4%         N/A       100%        7
 Maxwell's Capacitive Co  Air            0%         ∞         100%        8


Dungeon Overview and Level Annotations

Branches:
Dungeon (2/15)

Altars:


Innate Abilities, Weirdness & Mutations

Your plain brown scales are hard. (AC +4)
You cannot fit into any form of body armour.
You are cold-blooded and may be slowed by cold attacks.


Message History

A gnoll comes into view. It is wielding a +0 flail.
The gnoll shouts!
You hear a shout!
A gnoll comes into view. It is wielding a +0 whip.
A gnoll comes into view. It is wielding a +0 spear.
Found 11 gold pieces.
The gnoll shouts!
You hit the gnoll.
Your weapon exudes an aura of protection.
The gnoll is moderately wounded.
The gnoll misses you. The worm bites you but does no damage.
Okay, then.
It was a potion of brilliance.
You feel clever all of a sudden. The gnoll barely misses you.
The gnoll hits you from afar with a +0 spear!
It was a potion of attraction.
You feel attractive to monsters.
Your transformation is almost over.
The gnoll hits you with a +0 flail.
The gnoll hits you from afar with a +0 spear.
It was a potion of invisibility.
You fade into invisibility!
The gnoll completely misses you. The gnoll misses you.
You are very lightly contaminated with residual magic.
The worm is pulled toward you! The worm is pulled toward you!
The gnoll is pulled toward you! The gnoll is pulled toward you!
The gnoll is pulled toward you!
Your horns disappear.
Your talons disappear.
The gnoll is pulled toward you! The worm is pulled toward you!
The gnoll is pulled toward you! x2
The gnoll hits you from afar with a +0 spear.
* * * LOW HITPOINT WARNING * * *
The gnoll is pulled toward you! x2
Okay, then.
The gnoll is pulled toward you! The gnoll is pulled toward you!
The gnoll is pulled toward you! The gnoll hits you with a +0 flail.
You die...

##........... ##..#........[
#............. #.#.#.........
#.............
#########.#.##########
......#..g#.########## ########
###..g..#.#........# #.
#......####..@g#....#........# ..
#...........#####.#..........# ##
#......#### #............#
#......## ##..#.........#
#.......# ####.............#
##########.#####......##........#
#........>.......##...##........#
..########.########..############
### #.# #.......#


You could see 3 gnolls.

Vanquished Creatures
  2 endoplasms
  A giant cockroach (D:2)
  A hobgoblin (D:1)
  2 quokkas (D:1)
  3 ball pythons (D:1)
  5 bats
  2 kobolds
  3 rats
19 creatures vanquished.

Notes
Turn   | Place    | Note
-------+----------+-------------------------------------------
     0 | D:1      | barney the Draconian Transmuter began the quest for the
                  | Orb.
     0 | D:1      | Reached XP level 1. HP: 16/16 MP: 3/3
    99 | D:1      | Found a faded altar of an unknown god.
   471 | D:1      | Reached XP level 2. HP: 19/23 MP: 5/5
  1592 | D:2      | Slain by a gnoll

Illustrated notes

Levels and vault maps discovered:
D:1:      wander_arrival_estate, layout_basic,
          ebering_ecumenical_altar_sacrificial, kennysheep_minor_cross,
          minmay_misc_feat_encased
D:2:      layout_rooms, basic_altar, uniq_natasha

Skill      XL: |  1  2 |
---------------+-------+-----
Transmutations | 3 |  3.2
Fighting       | |  1.1
Dodging        | |  1.7
Unarmed Combat | |  3.0
Spellcasting   | |  2.0

Action                   || total
-------------------------++-------
Melee: Dagger            ||    47
       Unarmed           ||     8
       Headbutt          ||     4
       Tailslap          ||     3
       Kick              ||     2
 Cast: Beastly Appendage ||    11
  Use: Potion            ||     3
 Stab: Sleeping          ||     1
Armor: Skin              ||    33
Dodge: Dodged            ||    40
